 Dungeon Crawl Stone Soup version 0.20-a0-550-gf70bbbc (webtiles) character file.

116 Krakonus1 the Cudgeler (level 5, 0/81 HPs)
             Began as an Ogre Berserker on Feb 2, 2017.
             Was a Believer of Trog.
             Slain by a kobold
             ... wielding a +0 whip
              (1 damage)
             ... on level 3 of the Dungeon.
             The game lasted 00:08:42 (2795 turns).

Krakonus1 the Cudgeler (Ogre Berserker)             Turns: 2795, Time: 00:08:43

Health: 0/81       AC:  4    Str: 27    XL:     5   Next: 1%
Magic:  5/5        EV: 10    Int:  8    God:    Trog [**....]
Gold:   108        SH:  0    Dex:  8    Spells: 4/4 levels left

rFire    . . .     SeeInvis .   a - +0 mace
rCold    . . .     Gourm    .   b - +0 animal skin
rNeg     . . .     Faith    .   (no shield)
rPois    .         Spirit   .   (helmet restricted)
rElec    .         Reflect  .   d - +0 cloak
rCorr    .         Harm     .   (gloves unavailable)
MR       .....                  (boots unavailable)
Stlth    ..........             (no amulet)
Regen    0.3/turn               (no ring)
                                (no ring)

@: berserking, very quick
A: unfitting armour, tough skin 1
a: Berserk, Trog's Hand, Burn Spellbooks, Renounce Religion


You were on level 3 of the Dungeon.
You worshipped Trog.
Trog was pleased with you.
You were hungry.

You visited 1 branch of the dungeon, and saw 3 of its levels.

You collected 108 gold pieces.

Inventory:

Hand Weapons
 a - a +0 mace (weapon)
Missiles
 e - 115 stones (quivered)
 k - 17 poisoned needles
 m - 60 bolts
 o - 27 sling bullets
Armour
 b - a +0 animal skin (worn)
 d - a +0 cloak (worn)
Jewellery
 f - an uncursed ring of fire
Scrolls
 n - 2 scrolls of blinking
Potions
 g - a potion of flight
Comestibles
 c - 3 bread rations


   Skills:
 - Level 4.0 Fighting
 * Level 5.0 Maces & Flails
 - Level 2.6 Dodging


You had 4 spell levels left.
You didn't know any spells.

Dungeon Overview and Level Annotations

Branches:
Dungeon (3/15)

Altars:

Annotations:
D:3 Sigmund


Innate Abilities, Weirdness & Mutations

You are too large for most types of armour.
You have tough skin. (AC +1)


Message History

The kobold barely misses you.
Found a stone staircase leading down.
A jackal comes into view.
You closely miss something. The kobold hits you with a whip.
* * * LOW HITPOINT WARNING * * *
Something hits you.
* * * LOW HITPOINT WARNING * * *
An adder comes into view.
You hit something but do no damage. The kobold closely misses you.
A jackal and a hobgoblin come into view.
You closely miss something.
The jackal barks!
Something hits you but does no damage. The kobold hits you but does no damage.
The adder bites you.
* * * LOW HITPOINT WARNING * * *
A red film seems to cover your vision as you go berserk!
You feel yourself moving faster!
You feel mighty!
You are feeling hungry.
The kobold hits you with a whip.
You die...

*,* #.# *,** *,* #.# *,,*
*,* #.# **,* *,* #.# *,*
*,* #.# *,* *,* #.# *,*
##,**#.# *,*
*****##...##.########*,*
****,,,,.....h.S@......>,>*
,,,,,,,,..>g.##{K#######***
***,,,,,....<..hh#
***,,***#.#,###..#********
,,,,,* *#,*,*,....,,,,,,,*
,*******,,,,*.#..##*****,*
,* *,*,*,*.#(.# *,* ,*
*,,,*,#,#..# *,* ,*
*,,,,,*,*,,* *,*


You could see an adder, 3 jackals, a hobgoblin and a kobold.

Vanquished Creatures
  The ghost of CompileTime the Charlatan, a weakling DsAr (D:3)
  2 adders (D:2)
  2 worms (D:2)
  2 dart slugs (D:2)
  A leopard gecko (D:1)
  An orc (D:2)
  3 giant cockroaches (D:1)
  3 goblins
  5 hobgoblins
  8 jackals
  6 kobolds
  A quokka (D:3)
  6 bats
  3 frilled lizards
  3 rats
47 creatures vanquished.

Notes
Turn   | Place    | Note
-------+----------+-------------------------------------------
     0 | D:1      | Krakonus1 the Ogre Berserker began the quest for the Orb.
     0 | D:1      | Reached XP level 1. HP: 24/24 MP: 1/1
    96 | D:1      | Reached skill level 3 in Maces & Flails
    99 | D:1      | Reached XP level 2. HP: 5/32 MP: 2/2
   979 | D:1      | Reached XP level 3. HP: 39/39 MP: 3/3
  1325 | D:2      | Reached skill level 4 in Maces & Flails
  1590 | D:2      | Reached XP level 4. HP: 48/48 MP: 4/4
  1868 | D:2      | Reached ** piety under Trog
  2424 | D:3      | Noticed CompileTime's ghost (weakling DsAr)
  2452 | D:3      | Killed CompileTime's ghost
  2452 | D:3      | Reached skill level 5 in Maces & Flails
  2514 | D:3      | Reached XP level 5. HP: 26/54 MP: 5/5
  2765 | D:3      | Noticed Sigmund
  2794 | D:3      | HP: 1/54 [adder (5)]
  2795 | D:3      | Slain by a kobold

Vault maps used:
D:1:      dpeg_arrival_tiny_a
D:3:      uniq_sigmund

Skill      XL: |  1  2  3  4 |
---------------+-------------+-----
Maces & Flails | 3 4 5 |  5.0
Fighting       | |  4.0
Dodging        | |  2.6

Action                   |  1- 3 |  4- 6 || total
-------------------------+-------+-------++-------
Melee: Mace              |   123 |    91 ||   214
Throw: Stone             |       |    13 ||    13
       Throwing net      |       |     2 ||     2
Invok: Berserk           |       |     1 ||     1
  Use: Potion            |     1 |     1 ||     2
       Scroll            |     1 |     2 ||     3
  Eat: Chunk             |     2 |     4 ||     6
Armor: Animal skin       |    60 |    27 ||    87
Dodge: Dodged            |    79 |    70 ||   149
